 Dungeon Crawl Stone Soup version 0.24.1-4-ge52af88ad5 (webtiles) character file.

Game seed: 9811992686061640054, levelgen mode: deterministic

422 MajorAdolf the Chopper (level 6, -7/52 HPs)
             Began as a Naga Wanderer on Apr 16, 2020.
             Mangled by an ogre
             ... wielding a +0 giant club
              (11 damage)
             ... on level 3 of the Dungeon.
             The game lasted 00:12:34 (4980 turns).

MajorAdolf the Chopper (Naga Wanderer)              Turns: 4980, Time: 00:12:35

Health: -7/52      AC:  8    Str: 15    XL:     6   Next: 95%
Magic:  10/10      EV:  0    Int: 17    God:
Gold:   146        SH: 10    Dex: 10    Spells: 11/11 levels left

rFire    . . .     SeeInvis +   b - +0 hand axe
rCold    . . .     Gourm    .   x - +0 large shield
rNeg     . . .     Faith    .   k - +0 chain mail
rPois    +         Spirit   .   (no helmet)
rElec    .         Reflect  .   (no cloak)
rCorr    .         Harm     .   l - +0 pair of gloves
MR       .....                  (no barding)
Stlth    ..........             (no amulet)
HPRegen  0.17/turn              v - +3 ring of intelligence
MPRegen  0.12/turn              (no ring)

@: short of breath, very slow
A: large, see invisible, deformed body, poison resistance, slowness 2, slow
metabolism 1, spit poison 1, AC +2
a: Spit Poison


You were on level 3 of the Dungeon.
You were not hungry.

You visited 1 branch of the dungeon, and saw 4 of its levels.

You collected 146 gold pieces.

Inventory:

Hand Weapons
 b - a +0 hand axe (weapon)
Missiles
 a - 140 stones (quivered)
 m - a throwing net
 q - 19 poisoned darts
Armour
 d - a +0 robe
 k - a +0 chain mail (worn)
 l - a +0 pair of gloves (worn)
 p - a +0 scale mail
 x - a +0 large shield (worn)
Jewellery
 v - a +3 ring of intelligence (left hand)
 w - an uncursed amulet of rage {unknown}
Wands
 y - a wand of flame (24)
Scrolls
 r - 2 scrolls of magic mapping
 u - a scroll of remove curse
Potions
 e - a potion of degeneration {unknown}
 g - 2 potions of lignification {unknown}
 h - 2 potions of agility {unknown}
 i - a potion of berserk rage {unknown}
 n - a potion of mutation {unknown}
 o - 2 potions of flight {unknown}
 t - a potion of magic {unknown}
 z - a potion of heal wounds {unknown}
Comestibles
 f - 6 rations


   Skills:
 - Level 2.0 Fighting
 * Level 5.2 Axes
 + Level 3.4 Armour
 + Level 0.0 Dodging
 - Level 1.5 Stealth
 + Level 0.1 Shields
 - Level 3.0 Spellcasting
   Level 2.0 Ice Magic
 + Level 1.1 Evocations


You had 11 spell levels left.
You didn't know any spells.
Your spell library contained the following spells:

 Spells                   Type           Power        Failure   Level  Hunger
 Freeze                   Ice            #...         100%        1    None
 Magic Dart               Conj           #...         100%        1    None
 Sting                    Conj/Pois      #...         100%        1    None
 Blink                    Tloc           N/A          100%        2    ##.....
 Call Imp                 Summ           #.......     100%        2    ##.....
 Slow                     Hex            #.......     100%        2    ##.....
 Throw Frost              Conj/Ice       #.....       100%        2    ##.....
 Conjure Flame            Conj/Fire      #.......     100%        3    ###....
 Mephitic Cloud           Conj/Pois/Air  #.......     100%        3    ###....
 Ozocubu's Armour         Chrm/Ice       #.......     100%        3    ###....
 Summon Ice Beast         Ice/Summ       #.......     100%        4    ####...
 Throw Icicle             Conj/Ice       #.......     100%        4    ####...


Dungeon Overview and Level Annotations

Branches:
Dungeon (4/15)
 Temple: D:4-7

Altars:
Ashenzari
Ru

Annotations:
D:2 1 runed translucent door, Crazy Yiuf


Innate Abilities, Weirdness & Mutations

You cannot wear boots.
Your serpentine skin is tough. (AC +2)
You have supernaturally acute eyesight. (SInv)
Armour fits poorly on your strangely shaped body.
Your system is resistant to poisons. (rPois)
You cover ground very slowly.
You have a slow metabolism.
You can spit poison.


Message History

Unknown command.
Unknown command.
Okay, then.
You have got your breath back.
You block the ogre's attack.
Press: ? - help, Shift-Dir - straight line, f/p - ogre
Aim: an ogre, wielding a +0 giant club (severely wounded)
The splash of poison hits the ogre.
The ogre is poisoned.
The ogre is severely wounded.
You feel slightly more hungry. You block the ogre's attack.
The ogre looks more healthy.
You block the ogre's attack.
You have got your breath back.
Press: ? - help, Shift-Dir - straight line, f/p - ogre
Aim: an ogre, wielding a +0 giant club (severely wounded)
The splash of poison hits the ogre.
The ogre is poisoned.
The ogre is almost dead.
You feel slightly more hungry. The ogre completely misses you.
The ogre hits you with a +0 giant club!
You die...

#..###.#..........#
.....#.#..........###
#...................#
....................#
#.............).....#
#...................#
#................####
.......#........O####
.......#...#....@##.#
............##.##...#
...#.###..#.##.#....#
...#.###....##.#....#
...#.##.............######
...........###...........#
............##.........#.#
.....##.....#....#...#.#.#
#.#.........#<...........#


You could see an ogre.

Vanquished Creatures
  Sigmund (D:3)
  A bullfrog skeleton (D:4)
  Natasha (thrice) (D:2)
  4 gnolls (D:3)
  7 adders
  An ooze (D:2)
  A worm (D:2)
  3 dart slugs
  2 orcs (D:3)
  7 bats
  2 giant cockroaches
  11 hobgoblins
  3 jackals (D:1)
  A quokka (D:3)
  2 ball pythons
  3 frilled lizards
  4 goblins
  5 kobolds
  7 rats
68 creatures vanquished.

Notes
Turn   | Place    | Note
-------+----------+-------------------------------------------
     0 | D:1      | MajorAdolf the Naga Wanderer began the quest for the Orb.
     0 | D:1      | MajorAdolf set off with the following items: a +0 club, a
                  | potion of curing, a +0 robe, a ration; and the following
                  | spells available to memorise: Freeze, Sting, Throw Frost,
                  | Ozocubu's Armour, Mephitic Cloud, Summon Ice Beast, Throw
                  | Icicle
     0 | D:1      | Reached XP level 1. HP: 19/19 MP: 4/4
    97 | D:1      | Reached skill level 1 in Axes
   230 | D:1      | Reached XP level 2. HP: 26/26 MP: 6/6
   339 | D:2      | Noticed Natasha
   482 | D:2      | Found a sacrificial altar of Ru.
   535 | D:2      | Reached skill level 2 in Axes
   686 | D:2      | Reached XP level 3. HP: 32/32 MP: 7/7
   952 | D:2      | Found a shattered altar of Ashenzari.
  1098 | D:3      | Reached skill level 3 in Axes
  1289 | D:3      | Reached XP level 4. HP: 12/39 MP: 8/8
  1880 | D:3      | Noticed Sigmund
  2921 | D:2      | Reached XP level 5. HP: 45/45 MP: 9/9
  3274 | D:2      | Killed Natasha
  3274 | D:2      | Reached skill level 4 in Axes
  3561 | D:2      | Noticed Natasha
  3574 | D:2      | Killed Natasha
  3665 | D:2      | Noticed Natasha
  3675 | D:2      | Killed Natasha
  3675 | D:2      | Reached XP level 6. HP: 25/52 MP: 10/10
  3986 | D:2      | Found a runed translucent door.
  3987 | D:2      | Noticed Crazy Yiuf
  4387 | D:3      | Killed Sigmund
  4387 | D:3      | Reached skill level 5 in Axes
  4967 | D:3      | HP: 1/52 [ogre/+0 giant club (11)]
  4980 | D:3      | Mangled by an ogre

Levels and vault maps discovered:
D:1:      dpeg_arrival_windows_large_door, layout_basic
D:2:      layout_loops_ring, nicolae_ru_awakened_eye,
          nicolae_ashenzari_panopticon, solitary_fountain,
          uniq_crazy_yiuf_cottage, uniq_natasha
D:3:      layout_basic, uniq_sigmund
D:4:      layout_rooms, gammafunk_ghost_gnarly_gnolls

Skill      XL: |  1  2  3  4  5  6 |
---------------+-------------------+-----
Axes           | 1 2 3 4 5 |  5.2
Armour         | 2 3 |  3.4
Fighting       | |  2.0
Stealth        | |  1.5
Shields        | |  0.1
Spellcasting   | |  3.0
Ice Magic      | |  2.0
Evocations     | |  1.1

Action                   |  1- 3 |  4- 6 || total
-------------------------+-------+-------++-------
Melee: Hand axe          |    22 |   157 ||   179
Throw: Stone             |    12 |     1 ||    13
 Abil: Spit Poison       |    32 |    29 ||    61
  Use: Scroll            |       |     8 ||     8
       Potion            |       |     3 ||     3
  Eat: Chunk             |     2 |    11 ||    13
Armor: Robe              |     6 |       ||     6
       Scale mail        |     2 |    70 ||    72
       Chain mail        |       |    16 ||    16
Dodge: Dodged            |    24 |    46 ||    70
Block: Large shield      |       |    22 ||    22
